 Dungeon Crawl Stone Soup version 0.30-a0-808-g6e0788376e (webtiles) character file.

Game seed: 12259193778200895779

5203 Iich the Severer (level 10, -2/95 HPs)
             Began as a Hill Orc Fighter on Feb 26, 2023.
             Was an Initiate of Gozag.
             Slain by bronco's ghost (10 damage)
             ... on level 5 of the Dungeon.
             The game lasted 00:13:42 (9404 turns).

Iich the Severer (Hill Orc Fighter)                 Turns: 9404, Time: 00:13:43

Health: -2/95      AC: 13    Str: 20    XL:     10   Next: 60%
Magic:  10/10      EV:  5    Int:  8    God:    Gozag
Gold:   239        SH: 16    Dex: 14    Spells: 9/9 levels left

rFire   . . .      SeeInvis .    a - +0 war axe
rCold   . . .      Faith    .    J - +2 kite shield
rNeg    . . .      Spirit   .    q - +0 chain mail
rPois   .          Reflect  +    j - +1 hat
rElec   .          Harm     .    D - +0 cloak
rCorr   .          Rampage  .    (no gloves)
Will    .....                    H - +1 pair of boots Stlth
                                 A - amulet of reflection
HPRegen 0.35/turn                (no ring)
MPRegen 0.12/turn                (no ring)

@: gold aura
A: no striking features
a: Renounce Religion, Potion Petition, Call Merchant, Bribe Branch


You were on level 5 of the Dungeon.
You worshipped Gozag.
Gozag was aware of your devotion.
You visited 2 branches of the dungeon, and saw 9 of its levels.

You collected 1181 gold pieces.
You spent 202 gold pieces at shops.
You paid 740 gold pieces to Gozag.

Inventory:

Hand Weapons
 a - a +0 war axe (weapon)
 x - a +2 heavy war axe
Missiles
 e - 2 throwing nets (quivered)
Armour
 c - a +0 buckler
 j - a +1 hat (worn)
 q - a +0 chain mail (worn)
 s - a +0 plate armour
 D - a +0 cloak (worn)
 H - a +1 pair of boots (worn)
 J - a +2 kite shield (worn)
Jewellery
 v - an amulet of guardian spirit
 A - an amulet of reflection (around neck)
Wands
 g - a wand of mindburst (33)
 i - a wand of charming (3)
Scrolls
 f - a scroll of torment
 h - 4 scrolls of teleportation
 k - 5 scrolls of fog
 m - 4 scrolls of magic mapping
 n - a scroll of enchant weapon
 u - 2 scrolls of poison
 w - 2 scrolls of amnesia
 y - a scroll of noise
 E - a scroll of vulnerability
 F - a scroll of brand weapon {unknown}
Potions
 b - a potion of mutation {unknown}
 d - 2 potions of might
 l - a potion of invisibility {unknown}
 o - a potion of lignification {unknown}
 p - a potion of attraction
 r - 2 potions of curing
 t - a potion of haste
 z - 3 potions of flight
 B - a potion of ambrosia
 C - a potion of brilliance {unknown}
 G - a potion of degeneration {unknown}
 I - a potion of heal wounds


   Skills:
 + Level 11.0 Fighting
 * Level 15.9 Axes
 - Level 3.2 Armour
 + Level 4.5 Shields


You had 9 spell levels left.
You didn't know any spells.
Your spell library contained the following spells:

 Spells                   Type           Power      Damage    Failure   Level
 Apportation              Tloc           0%         N/A       100%        1
 Beastly Appendage        Tmut           0%         N/A       100%        1
 Necrotise                Necr           0%         1d4       100%        1
 Summon Small Mammal      Summ           0%         N/A       100%        1
 Momentum Strike          Conj/Tloc      0%         3d8       100%        2
 Wereblood                Tmut           0%         N/A       100%        2
 Call Canine Familiar     Summ           0%         N/A       100%        3
 Spider Form              Tmut/Pois      0%         N/A       100%        3
 Summon Guardian Golem    Hex/Summ       0%         N/A       100%        3
 Agony                    Necr           0%         N/A       100%        5
 Disjunction              Tloc           0%         N/A       100%        8


Dungeon Overview and Level Annotations

Branches:
Dungeon (8/15)             Temple (1/1) D:5
   Lair: D:8-11

Altars:
Ashenzari
Cheibriados
Dithmenos
Elyvilon
Fedhas
Gozag
Hepliaklqana
Kikubaaqudgha
Makhleb
Nemelex Xobeh
Okawaru
Ru
Sif Muna
Trog
Uskayaw
Vehumet
Wu Jian
Yredelemnul
Zin
The Shining One

Shops:
D:8 [

Annotations:
D:5 bronco's ghost, novice HOGl
D:8 1 transporter, soul19's ghost, novice TrFi
Temple 2 transporters


Message History

You miss baal32's ghost.
Baal32's ghost is severely damaged.
You slash bronco's ghost!
Baal32's ghost hits you but does no damage.
You block bronco's ghost's attack.
You barely miss baal32's ghost.
Baal32's ghost is severely damaged.
You barely miss bronco's ghost. You slash baal32's ghost!
Baal32's ghost is almost destroyed.
You hit bronco's ghost but do no damage.
You block baal32's ghost's attack. Bronco's ghost hits you.
* * * LOW HITPOINT WARNING * * *
You hit baal32's ghost.
Baal32's ghost is almost destroyed.
You hit bronco's ghost but do no damage.
You block baal32's ghost's attack. You block bronco's ghost's attack.
You hit baal32's ghost but do no damage.
Baal32's ghost is almost destroyed.
You hit bronco's ghost but do no damage.
Baal32's ghost hits you but does no damage.
Bronco's ghost hits you.
* * * LOW HITPOINT WARNING * * *
You miss baal32's ghost.
Baal32's ghost is almost destroyed.
You hit bronco's ghost. Baal32's ghost hits you!
* * * LOW HITPOINT WARNING * * *
Bronco's ghost hits you!
* * * LOW HITPOINT WARNING * * *
You hit baal32's ghost.
You destroy baal32's ghost!
You hit bronco's ghost but do no damage.
Bronco's ghost hits you!
* * * LOW HITPOINT WARNING * * *
Your Fighting skill increases to level 11!
You hit bronco's ghost.
Bronco's ghost is severely damaged.
Bronco's ghost hits you!
You die...
Your body crumbles into a pile of gold.

#.###..##.
###.........
#........###
###########.# #
####.8$.## #.# #
#..#....8# #.# #
###..#.....?#####.#
#....$......#.....#
#...@W.....⌠#.#####
#...$$......###
###..#.....!
#..#.?..8#
#########.#.8).##
#........[#########
#.######### #...#
#.# ###.# #.# #.#


You could see bronco's ghost.

Vanquished Creatures
  A two-headed ogre (D:8)
  The ghost of baal32 the Covered, a novice MiFi of Trog (D:5)
  A wraith (D:8)
  The ghost of Ceno the Grave Robber, an amateur VSNe of Uskayaw (D:5)
  5 yaks (D:8)
  A steam dragon (D:8)
  A water moccasin (D:6)
  2 ice beasts
  2 orc warriors (D:7)
  A sky beast (D:6)
  3 centaurs
  3 ogres
  A phantom (D:4)
  A kobold brigand (D:7)
  4 bullfrogs
  The ghost of GiantSquids the Conjurer, an amateur DECj (D:3)
  4 gnoll sergeants
  A necrophage (D:8)
  4 scorpions
  4 killer bees (D:7)
  2 howler monkeys
  The ghost of Twinkles the Sneak, a weakling SpDe (D:5)
  A jelly (D:5)
  3 orc priests (D:7)
  2 hounds
  Ijyb (D:3)
  9 orc wizards
  An iguana (D:5)
  15 gnolls
  5 adders
  A shadow imp (D:7)
  A white imp (D:7)
  2 worms (D:2)
  A dart slug (D:1)
  42 orcs
  5 ball pythons
  4 endoplasms
  3 giant cockroaches
  4 goblins
  4 hobgoblins
  4 jackals (D:5)
  11 kobolds
  2 quokkas
  5 bats
  3 frilled lizards
  5 rats
179 creatures vanquished.

Vanquished Creatures (others)
  20 plants
  2 withered plants (D:5)
22 creatures vanquished.

Grand Total: 201 creatures vanquished

Notes
Turn   | Place    | Note
-------+----------+-------------------------------------------
     0 | D:1      | Iich the Hill Orc Fighter began the quest for the Orb.
     0 | D:1      | Reached XP level 1. HP: 19/19 MP: 1/1
    51 | D:1      | Reached skill level 3 in Axes
   124 | D:1      | Reached XP level 2. HP: 23/27 MP: 2/2
   435 | D:1      | Got the Meditations on Translocational Zombies
   967 | D:2      | Reached skill level 4 in Axes
  1097 | D:2      | Reached XP level 3. HP: 32/33 MP: 3/3
  1455 | D:3      | Noticed Ijyb
  1471 | D:3      | Killed Ijyb
  1472 | D:3      | Reached skill level 5 in Axes
  1472 | D:3      | Reached XP level 4. HP: 27/41 MP: 4/4
  1602 | D:3      | Found a faded altar of an unknown god.
  1696 | D:3      | Found a runed translucent door.
  1895 | D:3      | Noticed GiantSquids's ghost (amateur DECj)
  2184 | D:3      | Killed GiantSquids's ghost
  2185 | D:3      | Reached skill level 5 in Fighting
  2185 | D:3      | Reached skill level 6 in Axes
  2185 | D:3      | Reached XP level 5. HP: 36/48 MP: 5/5
  2389 | D:4      | Noticed an ogre
  2391 | D:4      | Noticed a phantom
  2395 | D:4      | Killed an ogre
  2396 | D:4      | Reached XP level 6. HP: 29/56 MP: 6/6
  2403 | D:4      | Reached skill level 7 in Axes
  2577 | D:4      | Reached skill level 8 in Axes
  2577 | D:4      | Reached XP level 7. HP: 63/63 MP: 7/7
  2858 | D:4      | Found a glowing golden altar of the Shining One.
  2866 | D:4      | Found a broken altar of Ashenzari.
  3005 | D:4      | Found a burning altar of Makhleb.
  3040 | D:4      | Found a shimmering blue altar of Sif Muna.
  3066 | D:5      | Entered Level 5 of the Dungeon
  3158 | D:5      | Found a runed translucent gate.
  3158 | D:5      | Found a runed translucent gate.
  3158 | D:5      | Found a runed translucent gate.
  3158 | D:5      | Noticed Twinkles's ghost (weakling SpDe)
  3158 | D:5      | Noticed bronco's ghost (novice HOGl)
  3158 | D:5      | Noticed baal32's ghost (novice MiFi)
  3158 | D:5      | Noticed Ceno's ghost (amateur VSNe)
  3288 | D:5      | Found a staircase to the Ecumenical Temple.
  3296 | D:5      | Reached skill level 9 in Axes
  3311 | Temple   | Entered the Ecumenical Temple
  3311 | Temple   | Found a transporter.
  3311 | Temple   | Found a transporter.
  3313 | Temple   | Found a transporter.
  3313 | Temple   | Found a transporter.
  3333 | Temple   | Became a worshipper of Gozag Ym Sagoz the Greedy
  4191 | D:6      | Reached XP level 8. HP: 64/73 MP: 6/8
  4244 | D:6      | Reached skill level 10 in Axes
  4627 | D:6      | Reached skill level 11 in Axes
  5282 | D:6      | Reached skill level 12 in Axes
  5538 | D:6      | Reached XP level 9. HP: 81/82 MP: 7/9
  6623 | D:7      | Reached skill level 13 in Axes
  7212 | D:7      | Reached skill level 14 in Axes
  7772 | D:8      | Reached skill level 10 in Fighting
  7782 | D:8      | Reached XP level 10. HP: 61/93 MP: 10/10
  7795 | D:8      | Reached skill level 15 in Axes
  8199 | D:8      | Found a transporter.
  8217 | D:8      | Found Boci's Antique Armour Boutique.
  8226 | D:8      | Bought a glowing kite shield for 202 gold pieces
  8433 | D:8      | Noticed a two-headed ogre
  8480 | D:8      | Killed a two-headed ogre
  8795 | D:8      | Noticed soul19's ghost (novice TrFi)
  9381 | D:5      | Killed Twinkles's ghost
  9383 | D:5      | Killed Ceno's ghost
  9403 | D:5      | Killed baal32's ghost
  9404 | D:5      | Slain by bronco's ghost

Illustrated notes

Levels and vault maps discovered:
D:1:      ncdulo_wetmaze, layout_basic, chequers_serial_rivers_micro_d,
          minmay_misc_feat_roman
D:2:      layout_basic
D:3:      layout_rooms, ebering_ghost_reflecting_pool,
          shapermc_ecumenical_altar_pompeii, lexackson_kobold_supper, uniq_ijyb
D:4:      layout_rooms, mainiacjoe_overflow_catwalk, jmf_multi_god_temple,
          nicolae_sif_muna_little_library
D:5:      layout_loops_ring, minmay_temple_entry_large_hall,
          gammafunk_ghost_cemetery
D:6:      layout_loops_corners, centaur_isle
D:7:      layout_cave_pods, nicolae_grassy_gnolls
D:8:      layout_loops_corners, serial_shops, shop, gammafunk_ghost_stat_death,
          roderic_nine_men_s_morris
Temple:   hellmonk_temple_divided_pantheon

Skill      XL: |  1  2  3  4  5  6  7  8  9 10 |
---------------+-------------------------------+-----
Axes           | 3 4 5 6 8 9 12 14 15 | 15.9
Fighting       | 4 5 6 7 8 10 11 | 11.0
Shields        | 4 |  4.5
Armour         | |  3.2

Action                     |  1- 3 |  4- 6 |  7- 9 | 10-12 || total
---------------------------+-------+-------+-------+-------++-------
  Melee: War axe           |    72 |   106 |   370 |   109 ||   657
 Invoke: Potion Petition   |       |       |     2 |       ||     2
  Evoke: Wand              |       |     6 |    11 |       ||    17
    Use: Scroll            |     2 |     3 |     8 |       ||    13
         Potion            |       |     1 |     6 |       ||     7
   Stab: Distracted        |       |       |     2 |       ||     2
 Armour: Scale mail        |    27 |     1 |       |       ||    28
         Chain mail        |       |    51 |   193 |    29 ||   273
  Dodge: Dodged            |    27 |    31 |   129 |    18 ||   205
  Block: Buckler           |    12 |    19 |   132 |     8 ||   171
         Reflection        |       |       |     2 |       ||     2
         Kite shield       |       |       |       |    45 ||    45

Table legend: (Time is in decaauts)
 A = Elapsed time spent in this place.
 B = Non-inter-level travel time spent in this place.
 C = Inter-level travel time spent in this place.
 D = Time resting spent in this place.
 E = Time spent auto-exploring this place.
 F = Levels seen in this place.
 G = Mean time per level.
                   A        B        C        D        E       F      G
               +--------+--------+--------+--------+--------+-----+--------+
         Total |   9450 |   9050 |    400 |    497 |   6912 |   9 | 1050.0 |
       Dungeon |   9385 |   8985 |    400 |    497 |   6911 |   8 | 1173.1 |
        Temple |     64 |     64 |      0 |      0 |      1 |   1 |   64.0 |
               +--------+--------+--------+--------+--------+-----+--------+

Top non-repeatable levels by time:
     D:6: 1872 daAuts
     D:7: 1691 daAuts
     D:8: 1565 daAuts
     D:5: 1142 daAuts
     D:3: 917 daAuts
     D:1: 799 daAuts
     D:4: 715 daAuts
     D:2: 681 daAuts
  Temple: 64 daAuts
